 Dungeon Crawl Stone Soup version 0.29.0-11-gd7f09526c8 (webtiles) character file.

Game seed: 11836586952382782810

406 Zeldest the Digger (level 6, 0/49 HPs)
             Began as a Gargoyle Wanderer on Sept 6, 2022.
             Was a Believer of Nemelex Xobeh.
             Slain by an orc
             ... wielding a +0 club
              (1 damage)
             ... on level 3 of the Dungeon.
             The game lasted 00:06:47 (663 turns).

Zeldest the Digger (Gargoyle Wanderer)               Turns: 663, Time: 00:06:48

Health: 0/49       AC: 23    Str: 14 (17) XL:     6   Next: 87%
Magic:  6/11       EV:  2    Int: 13 (15) God:    Nemelex Xobeh [**....]
Gold:   70         SH:  0    Dex:  7 (9)  Spells: 8/12 levels left

rFire   . . .      SeeInvis .   s - +1 mace (drain)
rCold   . . .      Faith    .   (no shield)
rNeg    + . .      Spirit   .   (body armour currently unavailable)
rPois   ∞          Reflect  .   (helmet currently unavailable)
rElec   .          Harm     .   (cloak currently unavailable)
rCorr   .          Rampage  .   (gloves currently unavailable)
Will    .....      NoTele   +   (boots currently unavailable)
Stlth   +.........              (no amulet)
HPRegen 0.16/turn               (no ring)
MPRegen 0.12/turn               (no ring)

@: tree-form
A: stationary, stasis, torment immunity, boosted hp, sickness immunity, AC +4,
negative energy resistance 1, (electricity resistance), torment resistance 1,
petrification resistance, sense surroundings 1, strong 1
a: Renounce Religion, Draw Escape, Draw Destruction, Draw Summoning


You were on level 3 of the Dungeon.
You worshipped Nemelex Xobeh.
Nemelex Xobeh was pleased with you.
You were a tree.
You visited 1 branch of the dungeon, and saw 3 of its levels.

You collected 70 gold pieces.

Inventory:

Hand Weapons
 f - a +0 short sword
 s - a +1 mace of draining (weapon)
Missiles
 b - 2 throwing nets (quivered)
Armour
 e - a +0 leather armour (melded)
Wands
 c - a wand of polymorph (3)
 q - a wand of acid (9)
 r - a wand of roots (7)
Scrolls
 d - 2 scrolls of fear
 i - a scroll of vulnerability {unknown}
 j - 3 scrolls of identify {unknown}
 k - a scroll of summoning {unknown}
 l - a scroll of enchant weapon {unknown}
 m - a scroll of immolation {unknown}
 n - a scroll of butterflies {unknown}
 o - a scroll of blinking {unknown}


   Skills:
 - Level 0.5 Fighting
 - Level 1.0 Throwing
 - Level 2.4 Dodging
 + Level 3.7 Spellcasting
 + Level 3.3 Conjurations
 + Level 5.4 Earth Magic
 + Level 3.3 Invocations
 - Level 1.0 Evocations


You had 8 spell levels left.
You knew the following spells:

 Your Spells              Type           Power      Damage    Failure   Level
a - Sandblast             Erth           32%        2d9       2%          1
b - Stone Arrow           Conj/Erth      26%        3d8       11%         3

Your spell library contained the following spells:

 Spells                   Type           Power      Damage    Failure   Level


Dungeon Overview and Level Annotations

Branches:
Dungeon (3/15) Zot: 17311

Altars:
Nemelex Xobeh


Innate Abilities, Weirdness & Mutations

You are a tree.
Your roots penetrate the ground, keeping you stationary.
You cannot be teleported.
You are immune to unholy pain and torment.
Your maximum health is greatly increased.
Your equipment is partially melded.
You are immune to sickness and miasma.
((Your stone body is resilient. (AC +4)))
You are immune to poison.
You resist negative energy. (rN+)
((You are resistant to electric shocks. (rElec)))
You are resistant to unholy torment.
You are immune to petrification.
You passively map a small area around you.
Your muscles are strong. (Str +4, Int/Dex -1)


Message History

Aiming: Stone Arrow (quite dangerous; 11% risk of failure)
Press: ? - help, Shift-Dir - straight line, f - orc wizard
Aim: an orc wizard, wielding a +2 dagger of draining and wearing a +0 robe (60% to hit)
The stone arrow hits the orc wizard!
The orc wizard is almost dead.
An orc comes into view.
It is wielding a +2 short sword of flaming.
The orc wizard points at you and mumbles some strange words.
The magic dart hits you.
* * * LOW HITPOINT WARNING * * *
Casting: Stone Arrow (quite dangerous; 11% risk of failure)
Confirm with . or Enter, or press ? or * to list all spells.
The spell is quite dangerous to miscast (11% risk of failure)!
Continue anyway?
Aiming: Stone Arrow (quite dangerous; 11% risk of failure)
Press: ? - help, Shift-Dir - straight line, f/p - orc wizard
Aim: an orc wizard, wielding a +2 dagger of draining and wearing a +0 robe (almost dead, 60% to hit)
The stone arrow hits the orc wizard!
You kill the orc wizard!
It was a potion of mutation.
You feel extremely strange.
You feel stronger.
You feel a strange attunement to the structure of the dungeons.
It was a potion of degeneration.
There was something very wrong with that liquid.
You feel weakened.
You feel dopey.
You feel clumsy.
The orc wizard hits you but does no damage.
It was a potion of lignification.
You turn into a tree.
Your +0 leather armour melds into your body.
Your roots penetrate the ground.
The orc wizard hits you but does no damage.
You barely miss the orc wizard.
The orc wizard points at you and mumbles some strange words.
The magic dart hits you!
* * * LOW HITPOINT WARNING * * *
The orc hits you but does no damage.
You closely miss the orc wizard.
The orc wizard hits you but does no damage.
The orc hits you but does no damage.
You closely miss the orc wizard. The orc wizard completely misses you.
The orc hits you with a +0 club.
You die...
Your body disappears without a glow.

, * #.. #..# , *
*##..### * * #.
.)...# , * #.##..#.,
, ######.#...o# ## *
.........oo###.... ,*
*, #.#.#.#.#♣.....#
#.........#.#### , #.
#.#.#.#.#...# #.
#.........### ,* #.
#.#.#.#.#.# ###.
#.........# ,* #...##
#.#.#.#.#.##
#.##.###.....†....# *
#.#...####.........#*


You could see an orc wizard and 2 orcs.

Vanquished Creatures
  A kobold demonologist (D:3)
  An orc wizard (D:3)
  2 adders (D:2)
  3 gnolls (D:3)
  A dart slug (D:2)
  5 bats
  2 endoplasms
  3 giant cockroaches
  4 goblins
  3 hobgoblins (D:2)
  A quokka (D:3)
  2 frilled lizards
  3 kobolds
  2 rats (D:2)
33 creatures vanquished.

Vanquished Creatures (collateral kills)
  An orc priest (D:3)
  2 shadow imps (D:3)
3 creatures vanquished.

Vanquished Creatures (others)
  6 plants (D:3)
6 creatures vanquished.

Grand Total: 42 creatures vanquished

Notes
Turn   | Place    | Note
-------+----------+-------------------------------------------
     0 | D:1      | Zeldest the Gargoyle Wanderer began the quest for the Orb.
     0 | D:1      | Zeldest set off with the following items: a +0 club, 2
                  | throwing nets, a wand of polymorph (3), a scroll of fear, a
                  | +0 leather armour; and the following spell memorised:
                  | Sandblast; and the following spells available to memorise:
                  | Stone Arrow.
     0 | D:1      | Reached XP level 1. HP: 10/10 MP: 3/3
    77 | D:1      | Noticed a floating eye
    79 | D:1      | Found a faded altar of an unknown god.
    81 | D:1      | Noticed a golden eye
    82 | D:1      | Noticed a shining eye
    82 | D:1      | Noticed an eye of devastation
    87 | D:1      | Prayed at the altar of an unknown god.
    87 | D:1      | Became a worshipper of Nemelex Xobeh the Trickster
    87 | D:1      | Reached * piety under Nemelex Xobeh
   124 | D:2      | Reached XP level 2. HP: 15/16 MP: 3/5
   168 | D:2      | Reached skill level 1 in Conjurations
   168 | D:2      | Reached skill level 4 in Earth Magic
   168 | D:2      | Reached XP level 3. HP: 12/20 MP: 4/6
   190 | D:2      | Reached skill level 1 in Invocations
   196 | D:2      | Received a gift from Nemelex Xobeh
   478 | D:3      | Found a transporter.
   491 | D:3      | Noticed a kobold demonologist
   502 | D:3      | Found a transporter.
   504 | D:3      | Reached XP level 4. HP: 17/24 MP: 7/7
   505 | D:3      | Noticed a chaos spawn
   509 | D:3      | Killed a kobold demonologist
   510 | D:3      | Reached skill level 5 in Earth Magic
   510 | D:3      | Reached XP level 5. HP: 9/28 MP: 7/10
   510 | D:3      | Reached XP level 6. HP: 11/33 MP: 7/11
   549 | D:3      | Learned a level 3 spell: Stone Arrow
   634 | D:3      | Reached ** piety under Nemelex Xobeh
   654 | D:3      | HP: 1/33 [orc wizard/magic dart (8)]
   658 | D:3      | Gained mutation: Your muscles are strong. (Str +4, Int/Dex
                  | -1) [potion of mutation]
   658 | D:3      | Gained mutation: You passively map a small area around you.
                  | [potion of mutation]
   661 | D:3      | HP: 1/49 [orc wizard/magic dart (7)]
   663 | D:3      | Slain by an orc

Illustrated notes

Levels and vault maps discovered:
D:1:      dpeg_arrival_radiant, layout_basic,
          hellmonk_ecumenical_altar_watching_god
D:2:      minmay_evil_eye, layout_basic, dk_noncrumbling_3
D:3:      gammafunk_wand_slinger, layout_loops_corners, serial_glass,
          glass_columns_c, glass_columns_b, minmay_quantized

Skill      XL: |  1  2  3  4 |
---------------+-------------+-----
Conjurations   | 1 3 |  3.3
Earth Magic    | 4 5 |  5.4
Invocations    | 1 3 |  3.3
Spellcasting   | 3 |  3.7
Fighting       | |  0.5
Throwing       | |  1.0
Dodging        | |  2.4
Evocations     | |  1.0

Action                   |  1- 3 |  4- 6 || total
-------------------------+-------+-------++-------
Melee: Short sword       |    75 |     4 ||    79
       Mace              |       |     3 ||     3
 Cast: Sandblast         |    21 |    10 ||    31
       Stone Arrow       |       |     2 ||     2
Invok: Draw Summoning    |     2 |       ||     2
Evoke: Wand              |       |     3 ||     3
  Use: Potion            |       |     4 ||     4
Armor: Leather armour    |    43 |     8 ||    51
       Skin              |       |     4 ||     4
Dodge: Dodged            |    47 |    11 ||    58
